 Dungeon Crawl Stone Soup version 0.18.1-2-ga659475 (webtiles) character file.

11633 shmeve the Blocker (level 11, -10/151 (153) HPs)
             Began as a Minotaur Berserker on May 9, 2016.
             Was an Elder of Trog.
             Mangled by a skeletal warrior
             ... wielding a +0 mace
             ... led by a skeletal warrior
              (12 damage)
             ... on level 11 of the Dungeon.
             The game lasted 00:22:50 (7676 turns).

shmeve the Blocker (Minotaur Berserker)             Turns: 7676, Time: 00:22:50

HP:   -10/151 (153) AC: 16    Str: 28    XL:     11   Next: 51%
MP:   10/10         EV: 10    Int:  5    God:    Trog [****..]
Gold: 530           SH: 13    Dex: 11    Spells: 0 memorised, 10 levels left

rFire  . . .     SeeInvis .     I - +0 war axe
rCold  . . .     Gourm    .     P - +0 plate armour
rNeg   + . .     Faith    +     g - +0 shield {rN+}
rPois  .         Spirit   .     (helmet restricted)
rElec  .         Dismiss  .     p - +0 cloak
rCorr  .         Reflect  .     (no gloves)
SustAt .         Harm     .     k - +0 pair of boots
MR     +....                    K - amulet of faith
Stlth  ..........               y - +1 ring of evasion
                                A - ring of protection from magic

@: berserking, very quick, somewhat resistant to hostile enchantments, extremely
unstealthy
A: retaliatory headbutt, horns 2
a: Berserk, Trog's Hand, Brothers in Arms, Burn Spellbooks, Renounce Religion


You were on level 11 of the Dungeon.
You worshipped Trog.
Trog was greatly pleased with you.
You were hungry.

You visited 1 branch of the dungeon, and saw 10 of its levels.
You also visited: Ossuary.

You collected 530 gold pieces.

Inventory:

Hand Weapons
 I - a +0 war axe (weapon)
Missiles
 L - 2 javelins of penetration (quivered)
Armour
 g - a +0 shield of positive energy (worn)
 k - a +0 pair of boots (worn)
 p - a +0 cloak (worn)
 P - a +0 plate armour (worn)
Jewellery
 y - a +1 ring of evasion (right hand)
 A - a ring of protection from magic (left hand)
 K - an amulet of faith (around neck)
Scrolls
 d - 7 scrolls of remove curse {unknown}
 h - 3 scrolls of fear {unknown}
 j - 10 scrolls of teleportation {unknown}
 m - 14 scrolls of identify {unknown}
 n - 2 scrolls of fog {unknown}
 q - 2 scrolls of random uselessness {unknown}
 u - 2 scrolls of blinking {unknown}
 v - 2 scrolls of immolation {unknown}
 w - 3 scrolls of enchant armour {unknown}
 x - a scroll of noise {unknown}
 D - a scroll of amnesia {unknown}
 E - 2 scrolls of recharging {unknown}
 F - a scroll of vulnerability {unknown}
 H - 2 scrolls of magic mapping {unknown}
 M - a scroll of silence {unknown}
Potions
 b - 3 potions of lignification {unknown}
 c - a potion of resistance {unknown}
 e - 9 potions of curing {unknown}
 f - 5 potions of degeneration {unknown}
 i - 4 potions of haste {unknown}
 o - 2 potions of might
 r - 3 potions of flight {unknown}
 t - a potion of cure mutation {unknown}
 z - 2 potions of agility {unknown}
 G - a potion of brilliance {unknown}
 J - 3 potions of mutation {unknown}
 N - a potion of cancellation {unknown}
Comestibles
 a - 2 meat rations
 l - 2 slices of pizza
 s - 4 chunks of flesh
 B - a royal jelly
 C - 7 bread rations


   Skills:
 * Level 11.0 Fighting
 * Level 10.6 Axes
 + Level 5.5 Throwing
 + Level 7.3 Armour
 + Level 7.2 Dodging
 * Level 11.2 Shields


You had 10 spell levels left.
You didn't know any spells.

Dungeon Overview and Level Annotations

Branches:
Dungeon (11/15)            Temple (0/1) D:5            Lair (0/8) D:8
    Orc: D:9-12

Altars:
Dithmenos
Gozag
Kikubaaqudgha
Nemelex Xobeh
Okawaru
Qazlal
Vehumet
Xom
Zin
The Shining One

Shops:
D:6 (


Innate Abilities, Weirdness & Mutations

You reflexively headbutt those who attack you in melee.
You have a pair of horns on your head.


Message History

The skeletal warrior hits you with a short sword.
* * * LOW HITPOINT WARNING * * *
You block the skeletal warrior's attack.
You slash the skeletal warrior! You headbutt the skeletal warrior!!
The skeletal warrior is almost destroyed.
You slash the skeletal warrior!
The skeletal warrior is lightly damaged.
You slice the skeletal warrior!!
The skeletal warrior is heavily damaged.
You hear a shout!
You block the skeletal warrior's attack.
You closely miss the skeletal warrior.
The skeletal warrior is almost destroyed.
You closely miss the skeletal warrior.
The skeletal warrior is heavily damaged.
You barely miss the skeletal warrior.
The skeletal warrior is lightly damaged.
The skeletal warrior hits you but does no damage.
The skeletal warrior hits you with a mace!
You die...

.........#.....().......#
..########..####).......#
.)# #..............# ..#
#####.########## ..# #.#
..# #.# # .# #.# ###C#
#.##zW..##. #..@zl.....
####z...... #######


You could see 3 skeletal warriors, a hill giant (wandering), a wraith and an
iguana.

Vanquished Creatures
  Erica (D:11)
  A tengu warrior (D:8)
  Pikel (D:6)
  2 hill giants
  Psyche (D:10)
  2 komodo dragons (D:8)
  Grinder (D:6)
  2 two-headed ogres
  Sigmund (D:2)
  9 yaks
  3 hippogriffs
  Menkaure (D:7)
  Edmund (D:6)
  A hungry ghost (D:8)
  A mottled dragon (D:8)
  3 ice beasts
  2 sky beasts
  A necrophage (D:7)
  2 orc warriors
  3 slaves (D:6)
  5 ogres
  2 phantoms
  10 centaurs
  Blork the orc (D:5)
  6 giant frogs
  A wyvern zombie (D:10)
  A scorpion (D:11)
  A killer bee (D:8)
  9 wights
  2 jellies
  4 howler monkeys
  6 crimson imps
  3 wasp zombies
  A bog body (Ossuary)
  5 centaur zombies
  5 giant frog zombies
  2 hounds
  A giant frog skeleton (D:11)
  10 orc wizards
  4 orc priests
  A centaur skeleton (D:6)
  4 worker ants
  6 iguanas
  Terence (D:3)
  3 killer bee zombies
  9 mummies (Ossuary)
  2 howler monkey zombies (Ossuary)
  3 worker ant zombies
  3 gnolls (D:5)
  10 adders
  2 oozes
  3 adder zombies
  An adder skeleton (D:5)
  2 worms
  2 dart slugs
  5 giant geckos
  30 orcs
  2 ball pythons
  8 bats
  9 giant cockroaches
  5 goblins
  8 hobgoblins
  6 jackals
  6 quokkas
  A giant cockroach zombie (Ossuary)
  A giant gecko zombie (D:8)
  5 giant newts
  A jackal skeleton (D:4)
  2 jackal zombies
  5 kobolds (D:3)
  A quokka skeleton (D:8)
  3 quokka zombies (Ossuary)
  6 rats
274 creatures vanquished.

Vanquished Creatures (others)
  A centaur skeleton (D:6)
  An adder zombie (D:6)
  2 withered plants (Ossuary)
4 creatures vanquished.

Grand Total: 278 creatures vanquished

Notes
Turn   | Place    | Note
--------------------------------------------------------------
     0 | D:1      | shmeve the Minotaur Berserker began the quest for the Orb.
     0 | D:1      | Reached XP level 1. HP: 19/19 MP: 0/0
    85 | D:1      | Reached XP level 2. HP: 17/27 MP: 1/1
   269 | D:1      | Reached skill level 1 in Shields
   986 | D:2      | Reached XP level 3. HP: 33/33 MP: 2/2
  1062 | D:2      | Noticed Sigmund
  1068 | D:2      | Killed Sigmund
  1068 | D:2      | Reached ** piety under Trog
  1068 | D:2      | Reached skill level 5 in Shields
  1068 | D:2      | Reached XP level 4. HP: 40/40 MP: 3/3
  1068 | D:2      | Reached XP level 5. HP: 46/46 MP: 4/4
  1341 | D:2      | Found an ancient bone altar of Kikubaaqudgha.
  1621 | D:3      | Noticed Terence
  1626 | D:3      | Reached XP level 6. HP: 53/53 MP: 5/5
  1628 | D:3      | Reached skill level 1 in Throwing
  1632 | D:3      | Killed Terence
  1751 | D:3      | Reached skill level 5 in Fighting
  1818 | D:3      | Found a glowing golden altar of the Shining One.
  1866 | D:3      | Found a faded altar to an unknown god.
  1916 | D:3      | Reached *** piety under Trog
  1965 | D:3      | Found a shimmering altar of Xom.
  1965 | D:3      | Found a shimmering altar of Xom.
  1966 | D:3      | Found a shimmering altar of Xom.
  1966 | D:3      | Found a shimmering altar of Xom.
  1966 | D:3      | Found a shimmering altar of Xom.
  1966 | D:3      | Found a shimmering altar of Xom.
  1966 | D:3      | Found a shimmering altar of Xom.
  1967 | D:3      | Found a shimmering altar of Xom.
  1968 | D:3      | Found a shimmering altar of Xom.
  1968 | D:3      | Found a shimmering altar of Xom.
  1974 | D:3      | You fall through a shaft for 2 floors!
  1974 | D:5      | Entered Level 5 of the Dungeon
  2015 | D:5      | Reached XP level 7. HP: 53/61 MP: 6/6
  2117 | D:5      | Found a staircase to the Ecumenical Temple.
  2157 | D:5      | Reached skill level 5 in Axes
  2736 | D:4      | Reached **** piety under Trog
  2736 | D:4      | Received a gift from Trog
  2922 | D:4      | Reached XP level 8. HP: 57/70 MP: 7/7
  2948 | D:4      | Found a sand-covered staircase.
  2957 | Ossuary  | Entered an ossuary
  3698 | D:5      | Noticed Blork the orc
  3707 | D:5      | Killed Blork the orc
  4107 | D:5      | Found a stormy altar of Qazlal.
  4107 | D:5      | Found an iron altar of Okawaru.
  4239 | D:6      | Reached XP level 9. HP: 79/79 MP: 8/8
  4374 | D:6      | Noticed Grinder
  4386 | D:6      | Found Riurazxe's Antique Weapon Shoppe.
  4392 | D:6      | Noticed Pikel
  4406 | D:6      | Killed Grinder
  4414 | D:6      | Killed Pikel
  4414 | D:6      | Reached skill level 5 in Armour
  4414 | D:6      | Reached skill level 5 in Dodging
  4466 | D:6      | Noticed Edmund
  4483 | D:6      | Killed Edmund
  5158 | D:7      | Reached XP level 10. HP: 80/90 MP: 9/9
  5167 | D:7      | Found a radiant altar of Vehumet.
  5278 | D:7      | Found an opulent altar of Gozag.
  5278 | D:7      | Found a glowing silver altar of Zin.
  5472 | D:7      | Noticed Menkaure
  5477 | D:7      | Killed Menkaure
  5710 | D:8      | Noticed a tengu warrior
  5731 | D:8      | Killed a tengu warrior
  5731 | D:8      | Reached skill level 10 in Shields
  6063 | D:8      | Reached skill level 10 in Fighting
  6375 | D:8      | Found a staircase to the Lair.
  6557 | D:8      | Found a shadowy altar of Dithmenos.
  6609 | D:8      | Found a sparkling altar of Nemelex Xobeh.
  6664 | D:8      | You fall through a shaft for 2 floors!
  6664 | D:10     | Entered Level 10 of the Dungeon
  6741 | D:10     | Reached skill level 5 in Throwing
  6741 | D:10     | Reached XP level 11. HP: 57/99 MP: 10/10
  6742 | D:10     | Noticed a hill giant
  6744 | D:10     | Noticed Psyche
  6790 | D:10     | Killed Psyche
  6827 | D:10     | Reached skill level 10 in Axes
  6850 | D:10     | Received a gift from Trog
  6867 | D:10     | Killed a hill giant
  6948 | D:10     | Received a gift from Trog
  7253 | D:11     | Noticed a hill giant
  7263 | D:11     | Killed a hill giant
  7320 | D:11     | Noticed Erica
  7351 | D:11     | Killed Erica
  7599 | D:11     | Received a gift from Trog
  7662 | D:11     | Noticed a skeletal warrior
  7662 | D:11     | Noticed a skeletal warrior
  7662 | D:11     | Noticed a skeletal warrior
  7673 | D:11     | HP: 5/151 [skeletal warrior/short sword (10)]
  7674 | D:11     | HP: 1/151 [skeletal warrior/short sword (4)]
  7676 | D:11     | Mangled by a skeletal warrior

Skill      XL: |  1  2  3  4  5  6  7  8  9 10 11 |
---------------+----------------------------------+-----
Shields        | 2 5 6 7 8 9 10 11 | 11.2
Fighting       | 4 5 6 7 9 10 11 | 11.0
Axes           | 4 5 7 8 9 10 | 10.6
Armour         | 3 4 5 6 7 |  7.3
Throwing       | 1 3 5 |  5.5
Dodging        | 3 4 5 6 7 |  7.2

Action                   |  1- 3 |  4- 6 |  7- 9 | 10-12 || total
-------------------------+-------+-------+-------+-------++-------
Melee: Hand axe          |    37 |   106 |   530 |   274 ||   947
       Headbutt          |     9 |    17 |   109 |    90 ||   225
       War axe           |       |       |       |   130 ||   130
Throw: Javelin           |       |       |       |     2 ||     2
Invok: Berserk           |     1 |     1 |     3 |     8 ||    13
       Trog's Hand       |       |       |     1 |     6 ||     7
       Burn Spellbooks   |       |       |     1 |     1 ||     2
 Stab: Sleeping          |     1 |       |       |       ||     1
  Eat: Bread ration      |       |     1 |     1 |       ||     2
       Chunk             |       |     1 |    10 |    13 ||    24
       Meat ration       |       |       |       |     1 ||     1
       Pizza             |       |       |       |     1 ||     1
       Beef jerky        |       |       |       |     1 ||     1
Armor: Animal skin       |    10 |       |       |       ||    10
       Scale mail        |     5 |    25 |       |       ||    30
       Chain mail        |       |    38 |   214 |   130 ||   382
       Plate armour      |       |       |       |    11 ||    11
Dodge: Dodged            |    28 |    35 |   163 |   133 ||   359
Block: Shield            |       |    80 |   290 |   286 ||   656
